AoeStats
← HR nomadplayer

Nomad

507890072Analyzed
4v4 RM · 11d ago on Sep 20, 2026· 47m 3s· 8 players
Game mode
Random Map
Map size
231×231
Population
200
Speed
Normal
Resources
Standard
Victory
Conquest
Starting age
Dark Age
Ending age
Imperial Age
RankedLock teamsTeams togetherTeam positionsShared explorationLock speedFull tech treeHidden civsTurbo modeCheats
Victory
Defeat
🇨🇱 Franks · Chile
1900
+4
🇨🇱 Magyars · Chile
1880
+4
🇨🇱 Poles · Chile
1876
+4
🇨🇱 Aztecs · Chile
1728
+9
🇭🇰 Shu · Hong Kong SAR China
1757
-10
1698
-8
🇦🇷 Mongols · Argentina
1400
-2
🇦🇷 Dravidians · Argentina
1294
-1
Random Civ Pocket
3:51 Loom
12:56 Feudal Age
16:31 Castle Age
16:05 Double-Bit Axe
16:46 Fletching
19:37 Crossbowman
24:35 Bodkin Arrow
31:22 Padded Archer Armor
种田人口才是基本盘
4:47 Loom
12:17 Feudal Age
14:02 Town Watch
16:49 Castle Age
15:11 Double-Bit Axe
15:35 Gold Mining
15:43 Horse Collar
16:30 Fletching
23:36 Bodkin Arrow
26:28 Bow Saw
26:59 Padded Archer Armor
28:33 Ballistics
29:07 Wheelbarrow
30:45 Leather Archer Armor
32:01 Stone Mining
35:05 Imperial Age
32:52 Bloodlines
32:43 Husbandry
33:12 Husbandry
35:14 Thumb Ring
36:26 Gold Shaft Mining
35:56 Bracer
37:00 Chemistry
38:07 Ring Archer Armor
38:40 Conscription
38:59 Hand Cart
40:00 Heavy Plow
40:17 Scale Barding Armor
40:36 Scale Mail Armor
40:47 Forging
41:32 Parthian Tactics
40:45 Pikeman
41:36 Halberdier
43:02 Squires
43:48 Stone Shaft Mining
43:25 Tuntian
43:45 Chain Mail Armor
Bass
10:01 Loom
13:17 Feudal Age
13:45 Town Watch
14:01 Double-Bit Axe
15:22 Fletching
20:18 Padded Archer Armor
34:48 Horse Collar
41:37 Castle Age
40:31 Stone Mining
42:18 Bodkin Arrow
43:00 Wheelbarrow
46:08 Stone Shaft Mining
KingCobraCar
13:14 Loom
15:12 Feudal Age
16:18 Double-Bit Axe
17:25 Fletching
23:15 Castle Age
24:47 Medium Warships
25:35 Bodkin Arrow
27:14 Ballistics
29:14 Bow Saw
35:26 Thumb Ring
38:06 Imperial Age
36:10 Horse Collar
41:09 Heavy Plow
43:11 Bracer
44:10 Elite Elephant Archer
47:32 Chemistry
HR nomadplayer
4:42 Loom
12:16 Feudal Age
13:59 Fletching
20:28 Castle Age
19:22 Double-Bit Axe
37:03 Wheelbarrow
39:19 Hand Cart
44:46 Imperial Age
44:25 Scale Barding Armor
44:31 Forging
44:48 Husbandry
45:42 Chain Barding Armor
44:52 Cavalier
46:17 Paladin
47:34 Plate Barding Armor
47:31 Forging
HR itu
4:39 Loom
12:24 Feudal Age
14:34 Double-Bit Axe
20:36 Castle Age
19:48 Horse Collar
21:41 Bow Saw
21:16 Fishing Lines
22:17 Town Watch
26:53 Wheelbarrow
26:59 Bloodlines
27:38 Husbandry
28:38 Scale Barding Armor
30:00 Chain Barding Armor
31:31 Gold Mining
37:14 Imperial Age
34:59 Fletching
37:12 Gold Shaft Mining
38:33 Plate Barding Armor
37:19 Cavalier
39:40 Paladin
43:22 Hand Cart
43:48 Conscription
44:52 Bodkin Arrow
45:39 Bodkin Arrow
46:04 Ballistics
46:58 Chemistry
46:21 Bracer
46:42 Padded Archer Armor
46:42 Heavy Cavalry Archer
47:36 Thumb Ring
HR AboKeiTo
5:33 Loom
14:11 Feudal Age
16:26 Fletching
25:43 Horse Collar
35:09 Castle Age
34:13 Forging
34:19 Double-Bit Axe
36:16 Bow Saw
36:07 Heavy Plow
37:38 Wheelbarrow
40:19 Town Watch
40:51 Hand Cart
40:28 Gold Mining
44:56 Imperial Age
42:19 Stone Mining
43:32 Scale Barding Armor
44:02 Iron Casting
44:59 Light Cavalry
45:50 Bloodlines
45:40 Husbandry
46:32 Crop Rotation
47:10 Chemistry
45:56 Winged Hussar
47:46 Lechitic Legacy
47:50 Conscription
HR RYGE
6:51 Loom
7:44 Loom
13:22 Feudal Age
18:48 Castle Age
16:55 Double-Bit Axe
18:58 Demolition Ship
20:04 Bow Saw
21:49 Medium Warships
23:55 Scale Mail Armor
33:14 Chain Mail Armor
33:27 Horse Collar
34:55 Wheelbarrow
36:19 Hand Cart
36:10 Heavy Plow
36:35 Forging
40:11 Imperial Age
38:06 Forging
37:18 Eagle Warrior
38:39 Squires
38:39 Arson
39:33 Iron Casting
40:36 Gold Mining
40:14 Elite Eagle Warrior
41:55 Conscription
41:56 Garland Wars
42:34 Gold Shaft Mining
42:41 Plate Mail Armor
44:47 Blast Furnace
Connection lost

Rejoining the realm…

Still unreachable

The connection could not be restored.

Session expired

The server has moved on; the page needs a fresh start.